[Event "Titled Tuesday Blitz March 21 Late 2023"]
[White "Khandelwal, Ankush"]
[Black "ritanovikova"]
[WhiteFideId "413470"]
[WhiteElo "2263"]
[BlackElo "2227"]
[Result "1-0"]
[Round "11"]
[TimeControl "180+2"]
[Date "2023.03.21"]
[WhiteClock "0:00:05"]
[BlackClock "0:00:01"]

1. e4 d5 2. exd5 Qxd5 3. Nc3 Qd8 4. g3 Nf6 5. Bg2 Nc6 6. Nge2 e5 7. d3 h6 8. O-O Bc5 9. Kh1 O-O 10. f4 Ng4 11. Ne4 Bb6 12. fxe5 Ncxe5 13. d4 Nc4 14. Qd3 Be6 15. b3 f5 16. Nc5 Bxc5 17. bxc4 Be7 18. Nf4 Bd7 19. Bxb7 Rb8 20. Bd5+ Kh7 21. Ne6 Bxe6 22. Bxe6 g6 23. Bxf5 gxf5 24. Rxf5 Kg7 25. Rxf8 Qxf8 26. Qe2 h5 27. Bf4 Bd6 28. h3 Bxf4 29. gxf4 Nf6 30. Rg1+ Kh8 31. Qe5 Re8 32. Qg5 Re7 33. d5 Rg7 34. Qh6+ Nh7 35. Rg6 Qg8 36. Rxg7 Qxg7 37. Qe6 Qg8 38. f5 Qxe6 39. fxe6 Kg7 40. Kg2 Kf6 41. Kf3 Ng5+ 42. Kg3 Ne4+ 43. Kh4 Nd2 44. c5 Ke7 45. Kxh5 Ne4 46. d6+ cxd6 47. cxd6+ Nxd6 48. Kg6 Kxe6 49. h4 Nf5 50. h5 Ne7+ 51. Kg7 1-0


[Site "https://www.chess.com"]

[Event "Titled Tuesday Blitz March 21 Late 2023"]
[White "Bjelobrk, Igor"]
[Black "olga-belka"]
[WhiteFideId "4300726"]
[WhiteElo "2335"]
[BlackElo "2277"]
[Result "1-0"]
[Round "11"]
[TimeControl "180+2"]
[Date "2023.03.21"]
[WhiteClock "0:00:43"]
[BlackClock "0:00:15"]

1. d4 Nf6 2. c4 g6 3. Nc3 d5 4. Nf3 Bg7 5. h4 h5 6. Bg5 dxc4 7. e4 c5 8. d5 a6 9. a4 Bg4 10. Bxc4 Nbd7 11. Qc2 Bxf3 12. gxf3 Ne5 13. Be2 O-O 14. Rd1 Qb6 15. Kf1 Rac8 16. Kg2 Rfe8 17. Rhe1 Qa5 18. Bf1 Nh7 19. Bf4 Nf8 20. Bg3 Red8 21. f4 Ng4 22. e5 c4 23. Kg1 b5 24. axb5 axb5 25. Bh3 b4 26. Ne4 c3 27. bxc3 bxc3 28. f3 Qa7+ 29. Kg2 Ne3+ 30. Rxe3 Qxe3 31. Bxc8 Rxc8 32. Rd3 Qb6 33. Rxc3 Rd8 34. Rd3 Nd7 35. d6 exd6 36. Rxd6 Qb5 37. Qd2 Bf8 38. Rd5 Qb7 39. Rxd7 Rxd7 40. Qxd7 Qxd7 41. Nf6+ 1-0


[Site "https://www.chess.com"]

[Event "Titled Tuesday Blitz March 21 Late 2023"]
[White "Pinheiro, Iung Alicio de O."]
[Black "Fernandez Siles, Luis"]
[WhiteFideId "2104350"]
[BlackFideId "2209420"]
[WhiteElo "2283"]
[BlackElo "2186"]
[Result "1-0"]
[Round "11"]
[TimeControl "180+2"]
[Date "2023.03.21"]
[WhiteClock "0:00:16"]
[BlackClock "0:00:06"]

1. e4 c5 2. Nc3 Nc6 3. Bb5 Nd4 4. Bc4 g6 5. Nf3 Bg7 6. Nxd4 cxd4 7. Qf3 Nh6 8. d3 O-O 9. Ne2 Ng4 10. Qg3 d6 11. h3 Nf6 12. Bb3 a5 13. a4 Nd7 14. f4 Nc5 15. Bc4 Qc7 16. Qf3 Bd7 17. b3 Bc6 18. Rb1 e6 19. O-O Rad8 20. Ng3 d5 21. exd5 exd5 22. Bb5 Bxb5 23. axb5 f5 24. Bd2 b6 25. Rfe1 Qd7 26. Nf1 Rfe8 27. Nh2 Qxb5 28. Rxe8+ Qxe8 29. Re1 Qd7 30. Qe2 Kf7 31. Nf3 Re8 32. Ng5+ Kf8 33. Nxh7+ Kf7 34. Ng5+ Kf8 35. Qd1 Rxe1+ 36. Qxe1 Bf6 37. Qh4 Bxg5 38. fxg5 Qe6 39. Bf4 Qe2 40. Qh8+ Kf7 41. Qf6+ Ke8 42. Qxg6+ Kd7 43. Qxf5+ Kc6 44. g6 1-0


[Site "https://www.chess.com"]

[Event "Titled Tuesday Blitz March 21 Late 2023"]
[White "Bhavikatti, Neil"]
[Black "Papayan, Oleg"]
[WhiteFideId "30935024"]
[BlackFideId "4193911"]
[WhiteElo "2354"]
[BlackElo "2153"]
[Result "0-1"]
[Round "11"]
[TimeControl "180+2"]
[Date "2023.03.21"]
[WhiteClock "0:00:20"]
[BlackClock "0:01:07"]

1. d4 Nf6 2. c4 e6 3. Nc3 Bb4 4. Qc2 O-O 5. a3 Bxc3+ 6. Qxc3 d5 7. Bg5 dxc4 8. e3 b5 9. Be2 Bb7 10. Bf3 Bxf3 11. Nxf3 c6 12. O-O Ne4 13. Bxd8 Nxc3 14. Be7 Re8 15. Bb4 Nd5 16. Ne5 f6 17. Nf3 a5 18. Bd6 Rd8 19. Bg3 Nd7 20. e4 N5b6 21. Rfd1 Na4 22. Rd2 Ndb6 23. Re1 Rd7 24. Rc1 Rad8 25. Bf4 c5 26. dxc5 Nxc5 27. Rxd7 Rxd7 28. e5 Nd3 0-1


[Site "https://www.chess.com"]

[Event "Titled Tuesday Blitz March 21 Late 2023"]
[White "Romkachess"]
[Black "Vifleemskaia, Svetlana"]
[BlackFideId "4129490"]
[WhiteElo "2489"]
[BlackElo "1930"]
[Result "0-1"]
[Round "11"]
[TimeControl "180+2"]
[Date "2023.03.21"]
[WhiteClock "0:00:11"]
[BlackClock "0:00:07"]

1. e4 e5 2. d4 exd4 3. Qxd4 Nc6 4. Qe3 Nf6 5. Nc3 Bb4 6. Bd2 O-O 7. O-O-O Re8 8. Qg3 d6 9. f3 Be6 10. a3 Bc5 11. h4 d5 12. Bg5 d4 13. Nce2 Bd6 14. Qf2 h6 15. Bf4 Bc5 16. Qe1 b5 17. g4 Nd7 18. Ng3 b4 19. a4 b3 20. c3 dxc3 21. Qxc3 Nb4 22. Kb1 Na2 23. Qe1 Qe7 24. Bb5 Bb4 25. Qe2 c6 26. Bc4 Qc5 27. Bxe6 Rxe6 28. Nh3 Nb6 29. Be3 Qa5 30. Bd4 Qxa4 31. Nf5 Bf8 32. g5 Nb4 33. Kc1 Rd8 34. Kd2 Qa2 35. Ke3 Nc2+ 36. Kf4 Nxd4 37. Nxd4 Red6 38. Qe3 Qa4 39. Nf5 Rxd1 40. Rxd1 Rxd1 41. gxh6 gxh6 42. Qc3 Qc4 43. Qf6 Qe6 44. Qxh6 Bxh6+ 45. Nxh6+ Qxh6+ 46. Kg4 Qg6+ 47. Ng5 Rg1+ 48. Kf4 Rxg5 49. hxg5 Nd7 50. e5 Nf8 51. Kg4 Ne6 52. f4 Nxf4 53. Kxf4 Qc2 54. e6 Qxb2 55. e7 Qe2 56. e8=Q+ Qxe8 57. Kf5 b2 0-1


[Site "https://www.chess.com"]

[Event "Titled Tuesday Blitz March 21 Late 2023"]
[White "Shapiro, Viktor"]
[Black "Ruiz Aguilar, Pablo Alexander"]
[WhiteFideId "4175700"]
[BlackFideId "4401352"]
[WhiteElo "2152"]
[BlackElo "2138"]
[Result "0-1"]
[Round "11"]
[TimeControl "180+2"]
[Date "2023.03.21"]
[WhiteClock "0:00:11"]
[BlackClock "0:00:03"]

1. c4 c5 2. Nc3 Nc6 3. g3 g6 4. Bg2 Bg7 5. Nf3 a6 6. d3 e6 7. a3 Nge7 8. Bd2 d5 9. Rb1 O-O 10. O-O dxc4 11. dxc4 Nd4 12. b4 cxb4 13. axb4 Qc7 14. Nxd4 Bxd4 15. Qb3 Nc6 16. Rfc1 Bg7 17. e3 Rd8 18. Be1 Bd7 19. Nd5 exd5 20. cxd5 Qb6 21. dxc6 Bxc6 22. Bxc6 bxc6 23. Qc4 Rd6 24. Bc3 Bxc3 25. Qxc3 Rad8 26. Kg2 Rd2 27. Qc5 Qb5 28. Qxc6 Qxc6+ 29. Rxc6 Ra2 30. b5 axb5 31. Rxb5 Kg7 32. Rc4 Rdd2 33. Rf4 Rd7 34. h4 h5 35. Rb6 Re7 36. Rbf6 Rd7 37. Rf3 Re7 38. R6f4 Ra5 39. Rd4 Ra2 40. g4 hxg4 41. Rxg4 Kh6 42. Kg3 f5 43. Rd4 Ra1 44. Kg2 Ra2 45. Rd6 Kh5 46. Rg3 Rg7 47. Rd4 Ra1 48. Rg5+ Kh6 49. Rf4 Ra2 50. Rg3 Ra5 51. Kh2 Ra2 52. Kh3 Ra5 53. h5 g5 54. Rd4 Kxh5 55. Kg2 g4 56. Rd6 Kg5 57. f4+ Kh5 58. Kf1 Ra1+ 59. Ke2 Rb7 60. Rd2 Rb3 61. Rg2 Rbb1 62. Kd3 Kg6 63. Kd4 Rb4+ 64. Kc3 Re4 65. Rd6+ Kf7 66. Re2 Ke7 67. Rd4 Ra3+ 68. Kd2 Ra2+ 69. Kd3 Rxe2 70. Kxe2 Rxd4 71. exd4 Kd6 72. Kd3 Kd5 73. Ke3 Kc4 74. Kf2 Kxd4 75. Kg3 Ke4 76. Kh4 Kxf4 0-1


[Site "https://www.chess.com"]

[Event "Titled Tuesday Blitz March 21 Late 2023"]
[White "reevecanada"]
[Black "Wang, Alexander J"]
[BlackFideId "30955270"]
[WhiteElo "2439"]
[BlackElo "2284"]
[Result "0-1"]
[Round "11"]
[TimeControl "180+2"]
[Date "2023.03.21"]
[WhiteClock "0:00:01"]
[BlackClock "0:00:02"]

1. e4 c5 2. Bc4 d6 3. Qh5 e6 4. Nc3 Nf6 5. Qf3 Nc6 6. Nge2 Ne5 7. Bb5+ Bd7 8. Bxd7+ Qxd7 9. Qg3 Be7 10. f4 Ng6 11. h4 h5 12. d3 Ng4 13. Nd1 Qd8 14. Qh3 Bxh4+ 15. g3 Be7 16. Ne3 Nxe3 17. Bxe3 d5 18. O-O-O d4 19. Bd2 Qd7 20. g4 hxg4 21. Qxg4 O-O-O 22. f5 exf5 23. exf5 Bd6 24. Qg5 Ne5 25. Qxg7 Rhg8 26. Qf6 Qe7 27. Qxe7 Bxe7 28. Bf4 Bd6 29. Rh7 Rh8 30. Rg7 Rdg8 31. f6 Rxg7 32. fxg7 Rg8 33. Rg1 Kd7 34. Kd2 Ng6 35. Bxd6 Kxd6 36. Ng3 Ke6 37. Nh5 Ne5 38. Nf4+ Ke7 39. Nd5+ Ke6 40. Nf4+ Kf5 41. Rf1 Kf6 42. Nh5+ Ke7 43. Rf5 Nd7 44. Ke2 f6 45. Kf3 Kf7 46. Ke4 Kg6 47. Kf4 Re8 48. Kg4 Ne5+ 49. Kf4 Nd7 50. c3 dxc3 51. bxc3 Rg8 52. Rd5 Ne5 53. Ng3 Kxg7 54. d4 Nd3+ 55. Ke3 Nb2 56. Nh5+ Kg6 57. Nf4+ Kf7 58. Rxc5 Re8+ 59. Kd2 Na4 60. Ra5 Nb6 61. Rxa7 Nc4+ 62. Kd3 Nb2+ 63. Kc2 Nc4 64. Rxb7+ Kf8 65. Rb4 Ne3+ 66. Kd3 Ng4 67. Rb5 Re3+ 68. Kc4 Re4 69. Nd5 f5 70. Rb8+ Kf7 71. Rb7+ Kg6 72. a4 f4 73. a5 f3 74. Rb2 f2 75. Rb1 Re1 76. Rb6+ Kg5 77. Rb8 f1=Q+ 78. Kc5 Qf7 79. Rb6 Qa7 0-1


[Site "https://www.chess.com"]

[Event "Titled Tuesday Blitz March 21 Late 2023"]
[White "Lauridsen, Jesper Morch"]
[Black "Cyfka, Karina"]
[WhiteFideId "1401890"]
[BlackFideId "1122681"]
[WhiteElo "2276"]
[BlackElo "2241"]
[Result "1/2-1/2"]
[Round "11"]
[TimeControl "180+2"]
[Date "2023.03.21"]
[WhiteClock "0:00:54"]
[BlackClock "0:01:11"]

1. e4 d5 2. exd5 Qxd5 3. Nf3 Nf6 4. d4 g6 5. c4 Qd8 6. Nc3 Bg7 7. Be2 O-O 8. O-O c5 9. dxc5 Na6 10. Be3 Ng4 11. Bd4 e5 12. Be3 Nxe3 13. fxe3 Nxc5 14. Qxd8 Rxd8 15. Nd5 h6 16. Rad1 Bd7 17. b4 Ne4 18. Ne7+ Kh7 19. Bd3 Nc3 20. Nxe5 Nxd1 21. Rxf7 Rf8 22. N5xg6 Rxf7 23. Nf8+ Kh8 24. Nfg6+ Kh7 25. Nf8+ Kh8 26. Nfg6+ Kh7 1/2-1/2


[Site "https://www.chess.com"]

[Event "Titled Tuesday Blitz March 21 Late 2023"]
[White "Kovalevsky, Stanislav"]
[Black "Roman, Rodrigo"]
[WhiteFideId "13508598"]
[BlackFideId "3701220"]
[WhiteElo "2174"]
[BlackElo "1995"]
[Result "1-0"]
[Round "11"]
[TimeControl "180+2"]
[Date "2023.03.21"]
[WhiteClock "0:01:44"]
[BlackClock "0:00:40"]

1. c4 e5 2. Nc3 Nf6 3. g3 Bb4 4. Bg2 Nc6 5. e4 Bxc3 6. dxc3 d6 7. Qe2 Be6 8. Nf3 O-O 9. Nd2 a5 10. Nf1 a4 11. Ne3 Nd7 12. O-O Nc5 13. Rb1 Na5 14. f4 f6 15. fxe5 fxe5 16. Rxf8+ Qxf8 17. Bd2 Kh8 18. Rf1 Qg8 19. Nd5 c6 20. Nc7 Rc8 21. Nxe6 Qxe6 22. Qh5 Qxc4 23. Bh3 Rd8 24. Rf7 Qxe4 25. Bf5 g6 26. Qxh7# 1-0


[Site "https://www.chess.com"]

[Event "Titled Tuesday Blitz March 21 Late 2023"]
[White "Rottenwohrer Suarez, Juan"]
[Black "Fajdetic, Hrvoje"]
[WhiteFideId "32068182"]
[BlackFideId "14501945"]
[WhiteElo "2174"]
[BlackElo "2185"]
[Result "1-0"]
[Round "11"]
[TimeControl "180+2"]
[Date "2023.03.21"]
[WhiteClock "0:00:13"]
[BlackClock "0:00:05"]

1. e4 c5 2. Nf3 a6 3. c4 Nc6 4. Nc3 g6 5. d4 cxd4 6. Nxd4 Bg7 7. Be3 d6 8. Be2 Nf6 9. O-O O-O 10. h3 Nxd4 11. Bxd4 Be6 12. Rc1 Nd7 13. Be3 Rc8 14. b3 Qa5 15. Qd2 b5 16. Nd5 Qd8 17. cxb5 Rxc1 18. Rxc1 Bxd5 19. exd5 axb5 20. Bxb5 Nc5 21. b4 Ne4 22. Qd3 f5 23. Bd4 Bxd4 24. Qxd4 Qb8 25. a4 Rc8 26. Re1 Rc2 27. Bd7 h6 28. f3 Rd2 29. Qe3 Qxb4 30. Be6+ Kg7 31. fxe4 Qb2 32. Qg3 f4 33. Qxf4 Rxg2+ 34. Kh1 Rf2 35. Qg3 h5 36. Rg1 Qf6 37. Bf5 h4 38. Qxg6+ Qxg6 39. Rxg6+ Kf7 40. Rh6 Ra2 41. Rxh4 Rxa4 42. Rh6 Ra2 43. h4 Rf2 44. h5 Rd2 45. Rg6 1-0


[Site "https://www.chess.com"]

[Event "Titled Tuesday Blitz March 21 Late 2023"]
[White "Battlecruiser_Operational"]
[Black "Rios Escobar, Adan"]
[BlackFideId "3403645"]
[WhiteElo "2265"]
[BlackElo "2400"]
[Result "0-1"]
[Round "11"]
[TimeControl "180+2"]
[Date "2023.03.21"]
[WhiteClock "0:00:03"]
[BlackClock "0:00:09"]

1. d4 Nf6 2. Nf3 g6 3. g3 c5 4. dxc5 Qa5+ 5. Nbd2 Qxc5 6. Bg2 d6 7. O-O Bg7 8. a3 Qh5 9. Re1 Bh3 10. Bh1 Nc6 11. c4 Ng4 12. Ra2 Nce5 13. Nxe5 dxe5 14. Bxb7 O-O 15. Nf3 Rab8 16. Be4 e6 17. Qd7 Nf6 18. Qd3 Rfd8 19. Qc2 Ng4 20. Ng5 f5 21. Bf3 e4 22. Bxg4 Bxg4 23. Nxe6 Be5 24. Nxd8 Rxd8 25. Be3 Qh3 26. Rd1 Re8 27. f4 exf3 28. exf3 Bxf3 29. Re1 Be4 30. Qf2 Rd8 31. b4 Rd3 32. Rd2 Rxa3 33. Rd8+ Kf7 34. Bxa7 Bxg3 35. Qxg3 Rxg3+ 36. Kf2 Qg2# 0-1


[Site "https://www.chess.com"]

[Event "Titled Tuesday Blitz March 21 Late 2023"]
[White "Rose, Felix"]
[Black "Guzman Moneo, Alberto"]
[WhiteFideId "5105722"]
[BlackFideId "2209616"]
[WhiteElo "2039"]
[BlackElo "2157"]
[Result "1-0"]
[Round "11"]
[TimeControl "180+2"]
[Date "2023.03.21"]
[WhiteClock "0:00:43"]
[BlackClock "0:00:07"]

1. e4 c5 2. Nf3 Nc6 3. d4 cxd4 4. Nxd4 g6 5. c4 Nf6 6. Nc3 d6 7. f3 Nxd4 8. Qxd4 Bg7 9. Be3 O-O 10. Qd2 a5 11. Na4 Bd7 12. Nb6 Ra6 13. c5 Rxb6 14. cxb6 a4 15. Bc4 Bc6 16. O-O Nd7 17. Qb4 a3 18. Qxa3 Nxb6 19. Bb3 Nd7 20. Rad1 Qb8 21. Bd4 Ne5 22. f4 Ng4 23. Bxg7 Kxg7 24. Bd5 Qc7 25. Qc3+ Kg8 26. h3 Qb6+ 27. Qd4 Qxd4+ 28. Rxd4 Ne3 29. Rf2 e5 30. fxe5 dxe5 31. Rd3 Nxd5 32. exd5 Bd7 33. Rb3 b5 34. Rc3 Rd8 35. Re3 Re8 36. Rf6 Kg7 37. Rd6 Bf5 38. Rb6 Rc8 39. Rxb5 Rc1+ 40. Kf2 e4 41. g4 Bd7 42. Rb7 Bc8 43. Rb8 Ba6 44. Rxe4 Rd1 45. Rb6 Bc8 46. d6 f5 47. Re8 Rc1 48. Re7+ Kf6 49. Rc7 Rxc7 50. dxc7+ Ke7 51. Rb8 Kd7 52. Rxc8 Kxc8 53. gxf5 gxf5 54. Kf3 Kxc7 55. Kf4 Kd6 56. Kxf5 Kd5 57. Kg5 Kd4 58. Kh6 Kd3 59. Kxh7 Kc2 60. h4 Kxb2 61. h5 Kxa2 62. Kg6 Kb3 63. h6 Kc4 64. h7 Kd5 65. h8=Q Ke6 66. Qf8 Ke5 67. Qf7 Ke4 68. Qf6 Kd3 69. Qf4 Ke2 70. Qg3 Kf1 71. Qh2 Ke1 72. Kf5 Kf1 73. Ke4 Ke1 74. Ke3 1-0


[Site "https://www.chess.com"]

[Event "Titled Tuesday Blitz March 21 Late 2023"]
[White "Beulen, Marcel"]
[Black "Jimenez Fernandez, Rebeca"]
[WhiteFideId "1001450"]
[BlackFideId "32070934"]
[WhiteElo "2378"]
[BlackElo "2008"]
[Result "1-0"]
[Round "11"]
[TimeControl "180+2"]
[Date "2023.03.21"]
[WhiteClock "0:00:23"]
[BlackClock "0:00:03"]

1. e4 c5 2. Nf3 Nc6 3. Bb5 g6 4. O-O Bg7 5. Re1 e5 6. Bxc6 dxc6 7. c3 Qe7 8. d3 Nf6 9. h3 Nd7 10. Be3 Nf8 11. d4 cxd4 12. cxd4 exd4 13. Bxd4 Ne6 14. Bxg7 Nxg7 15. Nc3 O-O 16. Qd2 Be6 17. Rad1 Rad8 18. Qf4 Bc8 19. a3 Ne6 20. Qe5 f6 21. Qa5 b6 22. Qa4 Nc5 23. Qb4 Qf7 24. Nd4 Na6 25. Qb3 Qxb3 26. Nxb3 c5 27. Nd2 Be6 28. Nf3 Bb3 29. Rxd8 Rxd8 30. Re2 Nc7 31. Rd2 Rxd2 32. Nxd2 Be6 33. f4 Kf7 34. Kf2 Ne8 35. Ke3 Nd6 36. h4 Nc4+ 37. Nxc4 Bxc4 38. g4 Ke6 39. g5 fxg5 40. hxg5 Kd6 41. Nd1 b5 42. Nf2 a5 43. Ng4 b4 44. Ne5 Be6 45. Nf3 Kc6 46. axb4 cxb4 47. Nd4+ Kd6 48. Nxe6 Kxe6 49. b3 Kd6 50. Kd4 Ke6 51. Kc4 Kf7 52. Kb5 Kg7 53. Kxa5 h6 54. gxh6+ Kxh6 55. Kxb4 g5 56. fxg5+ Kxg5 57. Kc5 Kf6 58. b4 1-0


[Site "https://www.chess.com"]

[Event "Titled Tuesday Blitz March 21 Late 2023"]
[White "Wizard_of_Odds"]
[Black "Manu_ChessExcelsior"]
[WhiteElo "2363"]
[BlackElo "2084"]
[Result "1-0"]
[Round "11"]
[TimeControl "180+2"]
[Date "2023.03.21"]
[WhiteClock "0:00:10"]
[BlackClock "0:00:07"]

1. d4 d5 2. c4 e6 3. Nc3 a6 4. cxd5 exd5 5. Bf4 Bd6 6. Bxd6 Qxd6 7. Nf3 Ne7 8. h3 O-O 9. e3 c6 10. Bd3 Bf5 11. O-O Nd7 12. Bxf5 Nxf5 13. Qd3 Ne7 14. e4 dxe4 15. Nxe4 Qg6 16. Rfe1 Nd5 17. Qd2 Rad8 18. Re2 N7f6 19. Nc5 Nh5 20. Ne5 Qf6 21. Ncd7 Qh4 22. Nxf8 Kxf8 23. Nf3 Qf6 24. Qg5 Qxg5 25. Nxg5 Nhf4 26. Re4 h6 27. Nf3 Ne6 28. Rd1 Ndf4 29. Kh2 Nd5 30. Ne5 Ke7 31. g3 f5 32. Re2 Kf6 33. Nf3 g5 34. Rde1 Rd6 35. Kg2 h5 36. Re5 Nb4 37. Rd1 Nd5 38. a3 g4 39. Nh4 f4 40. Rxh5 f3+ 41. Kh2 gxh3 42. Kxh3 Ke7 43. Rh7+ Kf6 44. Rh6+ Ke7 45. Nf5+ Kd7 46. Nxd6 Kxd6 47. Re1 Nc7 48. Rexe6+ Nxe6 49. Kg4 Kd5 50. Rxe6 Kxe6 51. Kxf3 Kd5 52. Ke3 c5 53. dxc5 Kxc5 54. g4 Kc4 55. g5 Kb3 56. g6 b5 57. g7 b4 58. axb4 Kxb4 59. g8=Q a5 60. f4 a4 61. Kd4 a3 62. Qb8+ Ka4 63. Kc4 axb2 64. Qb4# 1-0


[Site "https://www.chess.com"]

[Event "Titled Tuesday Blitz March 21 Late 2023"]
[White "Bullen, Alex"]
[Black "Przybylski, Wojciech"]
[WhiteFideId "1801627"]
[BlackFideId "1117599"]
[WhiteElo "2088"]
[BlackElo "2222"]
[Result "0-1"]
[Round "11"]
[TimeControl "180+2"]
[Date "2023.03.21"]
[WhiteClock "0:00:02"]
[BlackClock "0:01:31"]

1. d4 d5 2. Nf3 Nf6 3. c4 dxc4 4. Qa4+ c6 5. Qxc4 Bf5 6. g3 Nbd7 7. Bg2 e6 8. O-O Be7 9. Nc3 O-O 10. e3 Ne4 11. Nxe4 Bxe4 12. Bd2 c5 13. Qe2 cxd4 14. Nxd4 Bxg2 15. Kxg2 Nc5 16. Bc3 e5 17. Nf5 Bf6 18. Rfd1 Qc7 19. Rac1 Qc6+ 20. Kg1 Qe6 21. e4 Rfd8 22. Rxd8+ Rxd8 23. Bb4 Nd3 24. Rd1 Nxb4 25. Rxd8+ Bxd8 26. Qb5 Nc6 27. Qxb7 g6 28. Nh6+ Kg7 29. Ng4 Qxg4 30. Qxc6 Qd1+ 31. Kg2 Qd4 32. Qe8 Bb6 33. f3 h5 34. Kh3 Qxb2 35. Qe7 Bg1 0-1


[Site "https://www.chess.com"]

[Event "Titled Tuesday Blitz March 21 Late 2023"]
[White "Romero Ruscalleda, Josep"]
[Black "Gatterer, Florian"]
[WhiteFideId "2231859"]
[BlackFideId "811688"]
[WhiteElo "2183"]
[BlackElo "2221"]
[Result "1/2-1/2"]
[Round "11"]
[TimeControl "180+2"]
[Date "2023.03.21"]
[WhiteClock "0:02:16"]
[BlackClock "0:02:11"]

1. e4 c5 2. c3 Nf6 3. e5 Nd5 4. Nf3 Nc6 5. Bc4 Nb6 6. Bb3 c4 7. Bc2 d5 8. exd6 Qxd6 9. O-O Bg4 10. Re1 e6 11. Qe2 Be7 12. Na3 Bxf3 13. Qxf3 O-O 14. Nxc4 Nxc4 15. Qe4 g6 16. Qxc4 e5 17. d3 Rac8 18. Bh6 Nd4 1/2-1/2


[Site "https://www.chess.com"]

[Event "Titled Tuesday Blitz March 21 Late 2023"]
[White "Gerbelli Neto, Eduardo"]
[Black "TigranHH"]
[WhiteFideId "2103281"]
[WhiteElo "2178"]
[BlackElo "2314"]
[Result "1-0"]
[Round "11"]
[TimeControl "180+2"]
[Date "2023.03.21"]
[WhiteClock "0:00:13"]
[BlackClock "0:00:15"]

1. e4 c6 2. d4 d5 3. exd5 cxd5 4. c4 Nf6 5. Nc3 g6 6. cxd5 Bg7 7. Qb3 O-O 8. Be2 Na6 9. Bf3 b5 10. Qxb5 Nc7 11. Qa5 Ncxd5 12. Qxd8 Rxd8 13. Nge2 Ba6 14. Bg5 Rab8 15. O-O-O Rdc8 16. Bxf6 Nxf6 17. Rhe1 e6 18. Nf4 Rb4 19. a3 Rb6 20. Nd3 Bh6+ 21. Kc2 Bc4 22. Nc5 a5 23. Be2 Bxe2 24. Rxe2 Rcb8 25. b3 Rd8 26. a4 Rb4 27. Nb5 Nd7 28. Na6 Rc8+ 29. Kb2 Bg7 30. Nxb4 axb4 31. Rc2 Rd8 32. Rc7 Nb6 33. a5 Nd5 34. Rc4 Ra8 35. Ra1 e5 36. Ra4 exd4 37. Nxd4 Re8 38. Kc2 Re4 39. a6 Nb6 40. a7 Re8 41. Ra6 Nxc4 42. a8=Q Na3+ 43. Rxa3 1-0


[Site "https://www.chess.com"]

[Event "Titled Tuesday Blitz March 21 Late 2023"]
[White "lluiss"]
[Black "Toniutti, Ezio"]
[BlackFideId "113034"]
[WhiteElo "2195"]
[BlackElo "2215"]
[Result "0-1"]
[Round "11"]
[TimeControl "180+2"]
[Date "2023.03.21"]
[WhiteClock "0:00:33"]
[BlackClock "0:00:20"]

1. Nf3 d5 2. d4 Nf6 3. c4 c6 4. cxd5 cxd5 5. Nc3 Nc6 6. Bf4 a6 7. e3 Bg4 8. Be2 e6 9. O-O Be7 10. Ne1 Bxe2 11. Qxe2 O-O 12. Nd3 Rc8 13. Rfc1 Nd7 14. Rc2 Nb6 15. b3 Nd7 16. Na4 Qa5 17. a3 b5 18. Nac5 Nxc5 19. Nxc5 b4 20. a4 e5 21. Bg3 exd4 22. Qxa6 Bxc5 23. Qxa5 Nxa5 24. Rac1 Nxb3 25. exd4 Nxc1 26. dxc5 Nd3 27. c6 b3 0-1


[Site "https://www.chess.com"]

[Event "Titled Tuesday Blitz March 21 Late 2023"]
[White "Einarsson, Halldor Gretar"]
[Black "chessjazda"]
[WhiteFideId "2300150"]
[WhiteElo "2142"]
[BlackElo "2350"]
[Result "0-1"]
[Round "11"]
[TimeControl "180+2"]
[Date "2023.03.21"]
[WhiteClock "0:00:10"]
[BlackClock "0:00:32"]

1. d4 Nf6 2. c4 e6 3. g3 Bb4+ 4. Bd2 Qe7 5. Bg2 O-O 6. Nf3 Nc6 7. O-O Bxd2 8. Nbxd2 d6 9. e4 e5 10. d5 Nb8 11. Ne1 a5 12. Nd3 Na6 13. f4 exf4 14. gxf4 Bg4 15. Qe1 Nh5 16. h3 Bd7 17. e5 Rae8 18. Ne4 Bf5 19. Bf3 Bxe4 20. Bxe4 dxe5 21. fxe5 Nc5 22. Rf5 g6 23. Rxh5 gxh5 24. Kh1 Nxd3 25. Bxd3 Qxe5 26. Qd2 Kh8 27. Qh6 f5 28. Qxh5 Re7 29. Rg1 Rg7 30. Rf1 Qg3 0-1


[Site "https://www.chess.com"]

[Event "Titled Tuesday Blitz March 21 Late 2023"]
[White "Bogaudinov, Rushan"]
[Black "Stanisz, Patryk"]
[WhiteFideId "4129288"]
[BlackFideId "1123106"]
[WhiteElo "1949"]
[BlackElo "2069"]
[Result "1-0"]
[Round "11"]
[TimeControl "180+2"]
[Date "2023.03.21"]
[WhiteClock "0:01:25"]
[BlackClock "0:00:06"]

1. g3 d5 2. Bg2 c6 3. d3 Nf6 4. e4 g6 5. e5 Nfd7 6. h4 Nxe5 7. h5 Bg7 8. h6 Bf6 9. Nc3 e6 10. d4 Nc4 11. Nf3 c5 12. dxc5 Nd7 13. Na4 Nxc5 14. Nxc5 Qa5+ 15. c3 Qxc5 16. O-O Bd7 17. a4 Nd6 18. Be3 Qc8 19. Bd4 Qd8 20. Re1 O-O 21. Ne5 Bc6 22. Qf3 Bh8 23. Ng4 Ne4 24. b4 a6 25. Rab1 Nd2 26. Qf4 Nxb1 27. Bf6 Bxf6 28. Nxf6+ Kh8 29. Qd4 Na3 30. Nxh7+ f6 31. Nxf8 Qxf8 32. Rxe6 Kh7 33. Rxf6 Qxf6 34. Qxf6 Rg8 35. b5 axb5 36. axb5 Nxb5 37. Qf7+ Kh8 38. Bxd5 Bxd5 39. Qxd5 Nxc3 40. Qe5+ Kh7 41. Qxc3 Kxh6 42. Qb4 Rg7 43. Qb6 Rf7 44. f4 Kg7 45. Kf2 Re7 46. Kf3 Rf7 47. g4 Re7 48. g5 Rf7 49. Kg4 Re7 50. Qf6+ 1-0


[Site "https://www.chess.com"]

[Event "Titled Tuesday Blitz March 21 Late 2023"]
[White "Smith, Garrett L"]
[Black "Khatena, Moshe"]
[WhiteFideId "2024829"]
[BlackFideId "2010461"]
[WhiteElo "2295"]
[BlackElo "2226"]
[Result "0-1"]
[Round "11"]
[TimeControl "180+2"]
[Date "2023.03.21"]
[WhiteClock "0:00:47"]
[BlackClock "0:01:19"]

1. e4 Nf6 2. e5 Nd5 3. d4 d6 4. Nf3 g6 5. Be2 Bg7 6. O-O O-O 7. Re1 Nc6 8. c4 Nb6 9. exd6 cxd6 10. Nc3 Bg4 11. d5 Bxf3 12. Bxf3 Na5 13. Qe2 Re8 14. Bg5 Naxc4 15. Rac1 Ne5 16. Be4 h6 17. Bh4 Rc8 18. f3 Ned7 19. Bf2 Nf6 20. Nb5 Nbxd5 21. Nxa7 Ra8 22. Qb5 Nxe4 23. Qxd5 Nxf2 24. Nb5 Qb6 0-1


[Site "https://www.chess.com"]

[Event "Titled Tuesday Blitz March 21 Late 2023"]
[White "sebastianmarinp"]
[Black "Sabar, Ethmane Daouda"]
[BlackFideId "19600097"]
[WhiteElo "2295"]
[BlackElo "1950"]
[Result "1-0"]
[Round "11"]
[TimeControl "180+2"]
[Date "2023.03.21"]
[WhiteClock "0:01:39"]
[BlackClock "0:00:42"]

1. e4 c5 2. Nf3 Nc6 3. d4 cxd4 4. Nxd4 Nf6 5. Nc3 e5 6. Ndb5 d6 7. Bg5 a6 8. Na3 b5 9. Nd5 Be7 10. Bxf6 Bxf6 11. c3 O-O 12. Nc2 Bg5 13. a4 bxa4 14. Rxa4 a5 15. Bc4 Rb8 16. Ra2 g6 17. Nce3 Kh8 18. h4 Bxh4 19. g3 Bg5 20. f4 exf4 21. gxf4 Bf6 22. b3 Bg7 23. Rah2 h6 24. f5 Qg5 25. Qg4 Bxc3+ 26. Nxc3 Qxe3+ 27. Ne2 Kg7 28. Rxh6 Qxh6 29. Rxh6 Kxh6 30. Qh4+ Kg7 31. f6+ Kg8 32. Qh6 1-0


[Site "https://www.chess.com"]

[Event "Titled Tuesday Blitz March 21 Late 2023"]
[White "Albuquerque Junior,Wellington S."]
[Black "Hartikainen, Jarmo"]
[WhiteFideId "2151480"]
[BlackFideId "503134"]
[WhiteElo "2109"]
[BlackElo "2184"]
[Result "1/2-1/2"]
[Round "11"]
[TimeControl "180+2"]
[Date "2023.03.21"]
[WhiteClock "0:00:37"]
[BlackClock "0:00:33"]

1. c4 Nf6 2. g3 g6 3. Bg2 Bg7 4. Nc3 c5 5. e4 Nc6 6. d3 O-O 7. Nge2 d6 8. O-O Bd7 9. h3 Qc8 10. Kh2 h6 11. Be3 Rb8 12. Rc1 a6 13. d4 cxd4 14. Nxd4 Nxd4 15. Bxd4 e5 16. Be3 Qxc4 17. Nd5 Qxa2 18. Nxf6+ Bxf6 19. Bxh6 Rfd8 20. Qxd6 Qe6 21. Qb4 Be7 22. Qd2 Bb5 23. Qe3 Bxf1 24. Bxf1 Bf8 25. Bxf8 Kxf8 26. Bc4 Qe7 27. Qh6+ Kg8 28. Qxg6+ Kf8 29. Qh6+ Kg8 30. Bd5 Rd6 31. Bxf7+ Qxf7 32. Qxd6 Qxf2+ 33. Kh1 Qf3+ 34. Kh2 Qf2+ 35. Kh1 Qf3+ 36. Kh2 Qf2+ 1/2-1/2


[Site "https://www.chess.com"]